 Dungeon Crawl Stone Soup version 0.30-a0-800-g7c544603b3 (webtiles) character file.

Game seed: 3305093834171041998

171 porpoise the Sneak (level 5, -5/26 HPs)
             Began as a Spriggan Enchanter on Feb 22, 2023.
             Slain by a goblin
             ... wielding a +0 club
             ... led by Robin
              (6 damage)
             ... on level 3 of the Dungeon.
             The game lasted 00:16:45 (2452 turns).

porpoise the Sneak (Spriggan Enchanter)             Turns: 2452, Time: 00:16:46

Health: -5/26      AC:  2    Str:  4    XL:     5   Next: 26%
Magic:  10/10      EV: 17    Int: 19    God:
Gold:   120        SH:  0    Dex: 15    Spells: 1/10 levels left

rFire   . . .      SeeInvis +    a - +1 dagger
rCold   . . .      Faith    .    (no shield)
rNeg    . . .      Spirit   .    l - +0 robe
rPois   .          Reflect  .    (helmet restricted)
rElec   .          Harm     .    (no cloak)
rCorr   +          Rampage  .    (gloves unavailable)
Will    .....                    (boots unavailable)
Stlth   +++                      (no amulet)
HPRegen 0.24/turn                i - ring of resist corrosion
MPRegen 0.12/turn                (no ring)

@: very quick
A: very small, no large weapons, unfitting armour, see invisible, speed 3
a: no special abilities


You were on level 3 of the Dungeon.
You visited 1 branch of the dungeon, and saw 3 of its levels.

You collected 120 gold pieces.

Inventory:

Hand Weapons
 a - a +1 dagger (weapon)
Missiles
 f - 10 stones (quivered)
Armour
 l - a +0 robe (worn)
Jewellery
 i - a ring of resist corrosion (left hand)
Wands
 p - a wand of light (7)
Scrolls
 b - a scroll of fog {unknown}
 d - 3 scrolls of identify {unknown}
 j - a scroll of fear {unknown}
 m - a scroll of magic mapping {unknown}
 n - a scroll of poison {unknown}
 o - a scroll of teleportation {unknown}
Potions
 c - 2 potions of invisibility
 e - 2 potions of heal wounds {unknown}
 g - 2 potions of magic {unknown}
 h - a potion of mutation {unknown}
 k - 2 potions of curing {unknown}


   Skills:
 - Level 1.6 Fighting
 + Level 3.0 Short Blades
 + Level 3.0 Dodging
 - Level 7.0 Stealth
 + Level 3.0 Spellcasting
 - Level 3.6 Hexes


You had one spell level left.
You knew the following spells:

 Your Spells              Type           Power      Damage    Failure   Level
a - Confusing Touch       Hex            16%        N/A       11%         3
e - Ensorcelled Hibernat  Hex/Ice        18%        N/A       11%         2
t - Tukima's Dance        Hex            16%        N/A       11%         3
Z - Foxfire               Conj/Fire      8%         2x1d4     16%         1

Your spell library contained the following spells:

 Spells                   Type           Power      Damage    Failure   Level
 Slow                     Hex            64%        N/A       3%          1
 Cigotuvi's Dreadful Rot  Necr/Pois/Air  4%         N/A       22%         2
 Poisonous Vapours        Pois/Air       4%         N/A       22%         2
 Dazzling Flash           Conj/Hex       18%        N/A       22%         3
 Mephitic Cloud           Conj/Pois/Air  2%         N/A       41%         3
 Vampiric Draining        Necr           2%         2d6       41%         3
 Fireball                 Conj/Fire      1%         3d3       99%         5
 Starburst                Conj/Fire      1%         6d3       100%        6


Dungeon Overview and Level Annotations

Branches:
Dungeon (3/15)

Altars:
Nemelex Xobeh

Annotations:
D:3 Robin


Innate Abilities, Weirdness & Mutations

You are very small and have problems with some larger weapons.
You are too small for most types of armour.
You have supernaturally acute eyesight. (SInv)
You cover ground extremely quickly. (Speed+++)


Message History

The hobgoblin shouts!
Robin shouts!
The goblin shouts!
The hobgoblin shouts!
You hit the goblin.
You kill the goblin!
The goblin closely misses you.
You hit the goblin.
You kill the goblin!
The goblin hits you but does no damage. Robin throws the goblin at you!
Your Spellcasting skill increases to level 3!
The goblin shouts!
You hit the hobgoblin.
The hobgoblin is moderately wounded.
The goblin barely misses you. The hobgoblin misses you.
The goblin barely misses you.
Robin drinks a potion.
Robin suddenly seems more resistant.
You hit the hobgoblin.
The hobgoblin is almost dead.
The goblin hits you with a +0 club. The goblin barely misses you.
Robin roars a battlecry!
The goblins go into a battle-frenzy!
You hit the hobgoblin but do no damage.
The hobgoblin is almost dead.
The goblin barely misses you. The hobgoblin closely misses you.
The goblin hits you with a +0 club. The hobgoblin hits you.
Robin throws the goblin at you!
You are too injured to fight recklessly!
You are too injured to fight recklessly!
You are too injured to fight recklessly!
You are too injured to fight recklessly!
You hit the hobgoblin but do no damage. You closely miss the hobgoblin.
The goblin misses you. The goblin hits you with a +0 club.
* * * LOW HITPOINT WARNING * * *
The hobgoblin hits you.
* * * LOW HITPOINT WARNING * * *
The goblin barely misses you. The hobgoblin misses you.
You hit the hobgoblin.
The hobgoblin is heavily wounded.
The goblin hits you with a +0 club.
You die...

### ###.#
#...# #.#.#
### #.#.#
....g###g#.#
...gggg@g#.#
....gKgg.#.#
.#######.#.#
#.#.# #.#.#
#.#.#
#.#.#########
.#.........#
#
###.......#.#


You could see Robin (resistant), 3 hobgoblins, 6 goblins and a kobold.

Vanquished Creatures
  A scorpion (D:2)
  4 gnolls (D:3)
  2 adders (D:2)
  2 dart slugs
  5 ball pythons
  A bat (D:3)
  5 endoplasms
  5 goblins
  9 hobgoblins
  6 jackals
  8 kobolds
  2 frilled lizards
  2 rats
52 creatures vanquished.

Vanquished Creatures (others)
  2 foxfires (D:3)
  2 withered plants (D:1)
4 creatures vanquished.

Grand Total: 56 creatures vanquished

Notes
Turn   | Place    | Note
-------+----------+-------------------------------------------
     0 | D:1      | porpoise the Spriggan Enchanter began the quest for the
                  | Orb.
     0 | D:1      | Reached XP level 1. HP: 9/9 MP: 5/5
   177 | D:1      | Reached XP level 2. HP: 14/14 MP: 6/6
   305 | D:1      | Reached skill level 5 in Stealth
   331 | D:1      | Learned a level 2 spell: Ensorcelled Hibernation
   527 | D:1      | Found a faded altar of an unknown god.
   857 | D:2      | Reached XP level 3. HP: 17/17 MP: 8/8
   878 | D:2      | Noticed a scorpion
   885 | D:2      | Killed a scorpion
   886 | D:2      | Reached skill level 1 in Fighting
   886 | D:2      | Reached skill level 6 in Stealth
   886 | D:2      | Reached XP level 4. HP: 22/22 MP: 6/9
  1299 | D:2      | Learned a level 1 spell: Foxfire
  1761 | D:2      | Learned a level 3 spell: Confusing Touch
  1956 | D:3      | Found a sparkling altar of Nemelex Xobeh.
  2015 | D:3      | Reached skill level 7 in Stealth
  2015 | D:3      | Reached XP level 5. HP: 18/26 MP: 1/10
  2096 | D:3      | Learned a level 3 spell: Tukima's Dance
  2443 | D:3      | Noticed Robin
  2451 | D:3      | HP: 1/26 [hobgoblin[Robin] (4)]
  2452 | D:3      | Slain by a goblin

Illustrated notes

Levels and vault maps discovered:
D:1:      psy_arrival_conway, layout_rooms, ebering_ecumenical_altar_petrified,
          minmay_ruptured
D:2:      layout_basic
D:3:      layout_basic, nemelex_diamond_rough_becter,
          mainiacjoe_overflow_alcove_1, minmay_ogre_servants, uniq_robin,
          uniq_grinder, uniq_terence

Skill      XL: |  1  2  3  4  5 |
---------------+----------------+-----
Stealth        | 5 6 7 |  7.0
Fighting       | 1 |  1.6
Short Blades   | 2 3 |  3.0
Dodging        | 3 |  3.0
Spellcasting   | 3 |  3.0
Hexes          | |  3.6

Action                     |  1- 3 |  4- 6 || total
---------------------------+-------+-------++-------
  Melee: Dagger            |    70 |    71 ||   141
         Punch             |       |     1 ||     1
  Throw: Stone             |       |     1 ||     1
   Cast: Ensorcelled Hiber |     9 |    29 ||    38
         Foxfire           |       |     1 ||     1
  Evoke: Wand              |       |     1 ||     1
   Stab: Distracted        |     1 |       ||     1
         Sleeping          |    10 |    14 ||    24
 Armour: Robe              |     6 |     6 ||    12
  Dodge: Dodged            |    43 |    65 ||   108

Table legend: (Time is in decaauts)
 A = Elapsed time spent in this place.
 B = Non-inter-level travel time spent in this place.
 C = Inter-level travel time spent in this place.
 D = Time resting spent in this place.
 E = Time spent auto-exploring this place.
 F = Levels seen in this place.
 G = Mean time per level.
                   A        B        C        D        E       F      G
               +--------+--------+--------+--------+--------+-----+--------+
         Total |   1937 |   1887 |     50 |    736 |    667 |   3 |  645.7 |
       Dungeon |   1937 |   1887 |     50 |    736 |    667 |   3 |  645.7 |
               +--------+--------+--------+--------+--------+-----+--------+

Top non-repeatable levels by time:
     D:2: 752 daAuts
     D:1: 732 daAuts
     D:3: 452 daAuts
